 Dungeon Sprint DCSS version 0.22.1-1-ga44c0e56f4 (webtiles) character file.

2285 MuseOD the Covert (level 9, -2/51 HPs)
             Began as a Spriggan Enchanter on Sept 26, 2018.
             Was a Believer of Dithmenos.
             Slain by a demonic crawler (9 damage)
             ... in the Dungeon (Sprint I: "Red Sonja").
             The game lasted 00:02:52 (694 turns).

MuseOD the Covert (Spriggan Enchanter)               Turns: 694, Time: 00:02:53

Health: -2/51      AC:  2    Str:  4    XL:     9   Next: 17%
Magic:  8/25       EV: 18    Int: 19    God:    Dithmenos [**....]
Gold:   638        SH:  0    Dex: 17    Spells: 18/30 levels left

rFire    . . .     SeeInvis +   l - +3 dagger (distort)
rCold    . . .     Gourm    .   (shield restricted)
rNeg     . . .     Faith    .   b - +0 robe
rPois    .         Spirit   .   (helmet restricted)
rElec    +         Reflect  .   (no cloak)
rCorr    .         Harm     .   (gloves unavailable)
MR       +....     NoTele   +   (boots unavailable)
Stlth    +++++++...             (no amulet)
HPRegen  0.17/turn              (no ring)
MPRegen  0.19/turn              (no ring)

@: wreathed by umbra, very quick
A: very small, unfitting armour, see invisible, herbivore, speed 3, electricity
resistance, slow metabolism 2
a: Shadow Step, Renounce Religion


You were in the Dungeon.
You worshipped Dithmenos.
Dithmenos was pleased with you.
You were not hungry.

You visited 1 branch You collected 638 gold pieces.

Inventory:

Hand Weapons
 a - a +1 dagger
 l - a +3 dagger of distortion (weapon)
Armour
 b - a +0 robe (worn)
Wands
 c - a wand of random effects (26)
Scrolls
 j - a scroll of blinking
Potions
 e - 2 potions of curing
 f - a potion of heal wounds
 g - a potion of haste
 h - 3 potions of magic
 i - a potion of flight {unknown}
 k - a potion of agility {unknown}
Comestibles
 d - a ration


   Skills:
 + Level 8.0 Fighting
 * Level 14.1 Short Blades
 - Level 3.0 Dodging
 + Level 14.6 Stealth
 + Level 11.0 Spellcasting
 - Level 3.6 Hexes


You had 18 spell levels left.
You knew the following spells:

 Your Spells              Type           Power        Failure   Level  Hunger
a - Corona                Hex            ###....      1%          1    None
b - Ensorcelled Hibernat  Hex/Ice        ###...       4%          2    None
c - Confuse               Hex            ###.....     4%          3    None
d - Dazzling Spray        Conj/Hex       ###...       10%         3    None
e - Tukima's Dance        Hex            ###.....     4%          3    None

Your spell library contained the following spells:

 Spells                   Type           Power        Failure   Level  Hunger


Dungeon Overview and Level Annotations

Branches:
Dungeon (1/1)

Altars:
Cheibriados
Dithmenos
Elyvilon
Fedhas
Gozag
Hepliaklqana
Kikubaaqudgha
Makhleb
Nemelex Xobeh
Okawaru
Qazlal
Ru
Sif Muna
Trog
Uskayaw
Vehumet
Wu Jian
Xom
Yredelemnul
Zin
The Shining One
Jiyva
Lugonu

Shops:
D *[


Innate Abilities, Weirdness & Mutations

You are very small and have problems with some larger weapons.
You are too small for most types of armour.
You have supernaturally acute eyesight. (SInv)
You are a herbivore.
You cover ground extremely quickly.
You need to consume almost no food.
You are resistant to electric shocks. (rElec)


Message History

Confirm with . or Enter, or press ? or * to list all spells.
Aiming: Dazzling Spray (safe; 10% risk of failure)
Press: ? - help, Shift-Dir - straight line, f/p - demonic crawler
Aim: a demonic crawler (clinging, umbra)
The spray of energy hits the demonic crawler.
The demonic crawler is lightly wounded.
The demonic crawler is dazzled.
The spray of energy hits the demonic crawler.
The demonic crawler is lightly wounded.
The demonic crawler is no longer blind.
The demonic crawler hits you. The demonic crawler hits you!
The demonic crawler misses you. The demonic crawler hits you! x2
* * * LOW HITPOINT WARNING * * *
The demonic crawler hits you.
* * * LOW HITPOINT WARNING * * *
The demonic crawler completely misses you.
The demonic crawler hits you but does no damage.
The demonic crawler closely misses you. The demonic crawler hits you!
You die...

##########################
#<.#..'..#.)'..#s_#..†..)#
#..').#..'..#..@s.'..#...##+#
#..#####'#####'#_s####...'..#
#.[####..#...#.#### #####..+
#..#__####..##.# ##
#..#_____##'#_.+
#⌠⌠#_.∩...'.†._#
####_..__##_.#'#
#_____###'#(# ###
#########.####+###.##


You could see 3 demonic crawlers.

Vanquished Creatures
  Sonja (D)
  A deep troll (D)
  A kobold demonologist (D)
  A demonic crawler (D)
  A slime creature (D)
  Sigmund (D)
  A yak (D)
  A floating eye (D)
  An ogre (D)
  A jelly (D)
  Ijyb (D)
11 creatures vanquished.

Notes
Turn   | Place    | Note
-------+----------+-------------------------------------------
     0 | D        | MuseOD the Spriggan Enchanter began the quest for the Orb.
     0 | D        | Reached XP level 1. HP: 9/9 MP: 5/5
     2 | D        | Noticed Ijyb
    14 | D        | Killed Ijyb
    14 | D        | Reached XP level 2. HP: 15/15 MP: 6/6
    44 | D        | Learned a level 2 spell: Ensorcelled Hibernation
    48 | D        | Noticed an ogre
    56 | D        | Killed an ogre
    56 | D        | Reached XP level 3. HP: 20/20 MP: 0/10
    56 | D        | Reached XP level 4. HP: 24/24 MP: 0/11
   149 | D        | Noticed Sigmund
   152 | D        | Killed Sigmund
   152 | D        | Reached XP level 5. HP: 30/30 MP: 11/14
   165 | D        | Found an ornate altar of the Wu Jian Council.
   165 | D        | Found a deep blue altar of Sif Muna.
   167 | D        | Found a radiant altar of Vehumet.
   173 | D        | Reached skill level 10 in Stealth
   173 | D        | Reached XP level 6. HP: 34/34 MP: 11/16
   190 | D        | Found Puivyj's Assorted Antiques.
   190 | D        | Found an ancient bone altar of Kikubaaqudgha.
   190 | D        | Found a hazy altar of Hepliaklqana.
   190 | D        | Found a stormy altar of Qazlal.
   190 | D        | Found a hide-covered altar of Uskayaw.
   190 | D        | Found a blossoming altar of Fedhas.
   190 | D        | Found a bloodstained altar of Trog.
   190 | D        | Found an iron altar of Okawaru.
   190 | D        | Found a basalt altar of Yredelemnul.
   190 | D        | Found a glowing golden altar of the Shining One.
   190 | D        | Found a snail-covered altar of Cheibriados.
   190 | D        | Found a sacrificial altar of Ru.
   190 | D        | Found a glowing silver altar of Zin.
   190 | D        | Found a shadowy altar of Dithmenos.
   190 | D        | Found a white marble altar of Elyvilon.
   190 | D        | Noticed a yak
   197 | D        | Killed a yak
   197 | D        | Reached skill level 5 in Fighting
   197 | D        | Reached skill level 10 in Short Blades
   200 | D        | Found an opulent altar of Gozag.
   201 | D        | Found a sparkling altar of Nemelex Xobeh.
   207 | D        | Became a worshipper of Dithmenos the Shadowed
   212 | D        | Learned a level 3 spell: Confuse
   216 | D        | Learned a level 3 spell: Dazzling Spray
   220 | D        | Learned a level 3 spell: Tukima's Dance
   272 | D        | Noticed Sonja
   276 | D        | Killed Sonja
   276 | D        | Reached XP level 7. HP: 41/41 MP: 17/20
   276 | D        | Reached XP level 8. HP: 45/45 MP: 18/22
   288 | D        | Noticed a deep troll
   292 | D        | Killed a deep troll
   292 | D        | Reached skill level 10 in Spellcasting
   302 | D        | Found Qapluarr's Armour Emporium.
   330 | D        | Found a viscous altar of Jiyva.
   330 | D        | Found a corrupted altar of Lugonu.
   330 | D        | Noticed a slime creature
   331 | D        | Found a burning altar of Makhleb.
   331 | D        | Found a shimmering altar of Xom.
   339 | D        | Killed a slime creature
   339 | D        | Reached * piety under Dithmenos
   431 | D        | Noticed a kobold demonologist
   432 | D        | Noticed a kobold demonologist
   441 | D        | Killed a kobold demonologist
   441 | D        | Reached XP level 9. HP: 31/51 MP: 13/24
   459 | D        | Gained mutation: You are resistant to electric shocks.
                  | (rElec) [a neqoxec]
   672 | D        | Noticed a demonic crawler
   672 | D        | Noticed a demonic crawler
   672 | D        | Noticed a demonic crawler
   672 | D        | Noticed a demonic crawler
   683 | D        | Killed a demonic crawler
   683 | D        | Reached ** piety under Dithmenos
   694 | D        | Slain by a demonic crawler

Skill      XL: |  1  2  3  4  5  6  7  8  9 |
---------------+----------------------------+-----
Fighting       | 2 3 4 6 7 8 |  8.0
Short Blades   | 4 6 8 9 12 13 14 | 14.1
Stealth        | 6 8 9 10 12 14 | 14.6
Spellcasting   | 4 6 9 10 11 | 11.0
Dodging        | |  3.0
Hexes          | |  3.6

Action                   |  1- 3 |  4- 6 |  7- 9 || total
-------------------------+-------+-------+-------++-------
Melee: Dagger            |     7 |     5 |    17 ||    29
 Cast: Ensorcelled Hiber |     3 |     3 |     7 ||    13
       Confuse           |       |       |     7 ||     7
       Dazzling Spray    |       |       |     5 ||     5
  Use: Potion            |     1 |       |       ||     1
 Stab: Sleeping          |     1 |     4 |     3 ||     8
       Confused          |       |       |     1 ||     1
       Invisible         |       |       |     2 ||     2
Armor: Robe              |     2 |       |     2 ||     4
Dodge: Dodged            |     1 |     1 |    26 ||    28
